 Dungeon Crawl Stone Soup version 0.22.1-1-ga44c0e5 (webtiles) character file.

92 wilfster70 the Skirmisher (level 4, 0/40 HPs)
             Began as a Hill Orc Abyssal Knight on Oct 12, 2018.
             Was a Believer of Lugonu.
             Slain by a river rat (2 damage)
             ... on level 3 of the Dungeon.
             The game lasted 00:08:09 (2552 turns).

wilfster70 the Skirmisher (Hill Orc Abyssal Knight) Turns: 2552, Time: 00:08:10

Health: 0/40       AC:  3    Str: 15    XL:     4   Next: 60%
Magic:  6/6        EV: 10    Int: 12    God:    Lugonu [**....]
Gold:   121        SH:  3    Dex: 10    Spells: 3/3 levels left

rFire    . . .     SeeInvis .   a - +1 hand axe
rCold    . . .     Gourm    .   j - +0 buckler
rNeg     . . .     Faith    .   o - +0 leather armour
rPois    .         Spirit   .   (no helmet)
rElec    .         Reflect  .   (no cloak)
rCorr    +         Harm     .   (no gloves)
MR       .....                  (no boots)
Stlth    ..........             (no amulet)
HPRegen  0.13/turn              n - ring of attention (curse)
MPRegen  0.10/turn              q - ring of resist corrosion

@: very slow
A: no striking features
a: Depart the Abyss, Bend Space, Renounce Religion


You were on level 3 of the Dungeon.
You worshipped Lugonu.
Lugonu was pleased with you.
You were not hungry.

You visited 1 branch of the dungeon, and saw 3 of its levels.
You visited the Abyss 1 time.

You collected 121 gold pieces.

Inventory:

Hand Weapons
 a - a +1 hand axe (weapon)
 b - a +0 hunting sling
Missiles
 g - 73 stones (quivered)
Armour
 j - a +0 buckler (worn)
 o - a +0 leather armour (worn)
Jewellery
 n - a cursed ring of attention (left hand)
 q - a ring of resist corrosion (right hand)
Scrolls
 d - 2 scrolls of fog {unknown}
 e - 3 scrolls of teleportation {unknown}
 i - a scroll of enchant weapon {unknown}
 k - a scroll of magic mapping {unknown}
 m - a scroll of identify {unknown}
Potions
 h - a potion of haste {unknown}
 l - a potion of degeneration {unknown}
 p - a potion of lignification {unknown}
Comestibles
 c - 4 rations
 f - a chunk of flesh


   Skills:
 + Level 4.0 Fighting
 * Level 3.9 Axes
 + Level 2.7 Armour
 - Level 1.1 Dodging
 + Level 0.9 Shields
 * Level 3.9 Invocations


You had 3 spell levels left.
You didn't know any spells.
Your spell library contained the following spells:

 Spells                   Type           Power        Failure   Level  Hunger
 Confusing Touch          Hex            #.....       52%         1    ##.....
 Confuse                  Hex            #.......     88%         3    ####...
 Gell's Gravitas          Tloc           #.........   88%         3    ####...
 Petrify                  Tmut/Erth      #.......     99%         4    #####..
 Metabolic Englaciation   Hex/Ice        #.........   100%        5    ######.
 Yara's Violent Unravell  Hex/Tmut       #.........   100%        5    ######.


Dungeon Overview and Level Annotations

Branches:
Dungeon (3/15)

Altars:

Portals:
Sewer: D:3


Message History

Some of the chunks of flesh in your inventory have rotted away.
Your unstable footing causes you to fumble your attack.
The river rat barely misses you.
You hit the river rat.
The river rat is lightly wounded.
The river rat bites you. The river rat closely misses you.
You closely miss the river rat.
The river rat is lightly wounded.
You hear the brisk rusting of a drain.
The river rat bites you!
* * * LOW HITPOINT WARNING * * *
You hit the river rat but do no damage.
The river rat is lightly wounded.
You block the river rat's attack.
Your unstable footing causes you to fumble your attack.
The river rat bites you.
* * * LOW HITPOINT WARNING * * *
Your unstable footing causes you to fumble your attack.
The river rat bites you.
You die...

..................#..##..###.##.#
...........................>.##.#
###....##..#......#......###.##.#
........####..######............#
.......##≈≈####≈≈##.............#
.......#≈≈≈≈≈≈≈≈≈≈#..........#..#
)......##≈≈####≈≈###.##..##..#..#
.#.....##≈##≈≈##≈###.##..##..#..#
.#......#≈#≈∩≈≈r@#...##..##..#..#
#......#≈#≈≈≈≈≈≈#..............#
.......#≈##≈≈####.......##..#.##
##≈≈####≈≈##..............
#≈≈≈≈≈≈≈≈≈≈.......#.......
##≈≈####≈≈##............## ####
####...###.#..#### .....#
#.#).##### #.....# #.........


You could see a river rat.

Vanquished Creatures
  An adder (D:2)
  A river rat (D:3)
  An ooze (D:2)
  A worm (D:2)
  2 dart slugs (D:1)
  A leopard gecko (D:3)
  An orc (D:3)
  3 ball pythons
  8 bats
  7 giant cockroaches
  3 goblins (D:1)
  6 hobgoblins
  5 jackals
  5 frilled lizards
  7 kobolds
  8 rats
60 creatures vanquished.

Notes
Turn   | Place    | Note
-------+----------+-------------------------------------------
     0 | Abyss:1  | wilfster70 the Hill Orc Abyssal Knight began the quest for
                  | the Orb.
     0 | Abyss:1  | Reached XP level 1. HP: 19/19 MP: 2/2
     1 | D:1      | Escaped the Abyss
     5 | D:1      | Noticed an electric eel
    15 | D:1      | Noticed an electric eel
    81 | D:1      | HP: 1/20 [giant cockroach (2)]
   131 | D:1      | Reached skill level 1 in Dodging
   133 | D:1      | Reached XP level 2. HP: 3/27 MP: 4/4
   595 | D:1      | Reached * piety under Lugonu
  1009 | D:1      | Reached XP level 3. HP: 30/33 MP: 5/5
  1929 | D:2      | Reached skill level 4 in Fighting
  1929 | D:2      | Reached XP level 4. HP: 32/40 MP: 6/6
  2149 | D:2      | Reached ** piety under Lugonu
  2446 | D:3      | Found a faded altar of an unknown god.
  2542 | D:3      | Found a glowing drain.
  2551 | D:3      | HP: 2/40 [river rat (6)]
  2552 | D:3      | Slain by a river rat

Skill      XL: |  1  2  3 |
---------------+----------+-----
Dodging        | 1 |  1.1
Axes           | 3 |  3.9
Invocations    | 3 |  3.9
Fighting       | 4 |  4.0
Armour         | |  2.7
Shields        | |  0.9

Action                   |  1- 3 |  4- 6 || total
-------------------------+-------+-------++-------
Melee: Hand axe          |   177 |    60 ||   237
Invok: Depart the Abyss  |     1 |       ||     1
  Eat: Chunk             |     4 |     2 ||     6
Armor: Leather armour    |    67 |    15 ||    82
Dodge: Dodged            |   139 |    26 ||   165
Block: Buckler           |    17 |     9 ||    26
